 Dungeon Crawl Stone Soup version 0.30-a0-439-g9e77e4d916 (webtiles) character file.

Game seed: 16833212923958388264

2 AigisTheKnight the Magician (level 1, 0/13 HPs)
             Began as a Demonspawn Hedge Wizard on Dec 10, 2022.
             Slain by a giant cockroach (1 damage)
             ... on level 1 of the Dungeon.
             The game lasted 00:00:16 (29 turns).

AigisTheKnight the Magician (Demonspawn Hedge Wizard) Turns: 29, Time: 00:00:16

Health: 0/13       AC:  2    Str: 10    XL:     1   Next: 25%
Magic:  0/4        EV: 12    Int: 15    God:
Gold:   0          SH:  0    Dex: 12    Spells: 5/6 levels left

rFire   . . .      SeeInvis .    a - +0 dagger
rCold   . . .      Faith    .    (no shield)
rNeg    . . .      Spirit   .    b - +0 robe
rPois   .          Reflect  .    c - +0 hat
rElec   .          Harm     .    (no cloak)
rCorr   .          Rampage  .    (no gloves)
Will    .....                    (no boots)
Stlth   ++........               (no amulet)
HPRegen 0.22/turn                (no ring)
MPRegen 0.09/turn                (no ring)

@: no status effects
A: no striking features
a: no special abilities


You were on level 1 of the Dungeon.
You visited 1 branch of the dungeon, and saw 1 of its levels.

Inventory:

Hand Weapons
 a - a +0 dagger (weapon)
Armour
 b - a +0 robe (worn)
 c - a +0 hat (worn)
Scrolls
 e - 3 scrolls of identify {unknown}
Potions
 d - a potion of magic


   Skills:
 + Level 0.1 Fighting
 + Level 1.8 Dodging
 + Level 1.8 Stealth
 + Level 3.0 Spellcasting
 + Level 1.0 Conjurations
 - Level 1.0 Summonings
 + Level 0.9 Translocations


You had 5 spell levels left.
You knew the following spells:

 Your Spells              Type           Power      Damage    Failure   Level
a - Magic Dart            Conj           20%        1d4       13%         1

Your spell library contained the following spells:

 Spells                   Type           Power      Damage    Failure   Level
 Slow                     Hex            8%         N/A       21%         1
 Blink                    Tloc           10%        N/A       21%         2
 Call Imp                 Summ           5%         N/A       21%         2
 Cigotuvi's Dreadful Rot  Necr/Pois/Air  4%         N/A       30%         2
 Mephitic Cloud           Conj/Pois/Air  3%         N/A       45%         3


Dungeon Overview and Level Annotations

Branches:
Dungeon (1/15)

Altars:


Message History

You barely miss the kobold.
The kobold is severely wounded.
The giant cockroach bites you. The kobold hits you with a +0 dagger.
You hit the kobold.
You kill the kobold!
The giant cockroach bites you but does no damage.
You barely miss the endoplasm. The giant cockroach barely misses you.
The endoplasm freezes you.
You are frozen.
Casting: Magic Dart (safe; 13% risk of failure)
Confirm with . or Enter, or press ? or * to list all spells.
Aiming: Magic Dart (safe; 13% risk of failure)
Press: ? - help, Shift-Dir - straight line, f - endoplasm
Aim: an endoplasm (100% to hit)
The magic dart hits the endoplasm.
The endoplasm is lightly wounded.
The giant cockroach bites you but does no damage.
The endoplasm misses you. The giant cockroach closely misses you.
Unknown command.
Casting: Magic Dart (safe; 13% risk of failure)
Confirm with . or Enter, or press ? or * to list all spells.
You don't have enough magic to cast this spell.
Unknown command.
You barely miss the endoplasm.
You punch the endoplasm, but do no damage.
The endoplasm is lightly wounded.
The giant cockroach bites you. The endoplasm closely misses you.
You hit the endoplasm.
The endoplasm is heavily wounded.
The giant cockroach bites you. The endoplasm closely misses you.
You barely miss the endoplasm.
The endoplasm is heavily wounded.
The giant cockroach bites you.
* * * LOW HITPOINT WARNING * * *
The endoplasm hits you.
* * * LOW HITPOINT WARNING * * *
You hit the endoplasm but do no damage.
The endoplasm is heavily wounded.
The giant cockroach bites you.
You die...

#.........#
#.........#
#.#.....#.#
#.........#
#.........#
#.#.....#.#
#.........#
#......B..#
#.#....@#.#
#.......J)#
#>...>...>#
##...##)#..#
#.#.##....#
#+#$......#
.######.# .#


You could see an endoplasm and a giant cockroach.

Vanquished Creatures
  A goblin (D:1)
  A kobold (D:1)
2 creatures vanquished.

Notes
Turn   | Place    | Note
-------+----------+-------------------------------------------
     0 | D:1      | AigisTheKnight the Demonspawn Hedge Wizard began the quest
                  | for the Orb.
     0 | D:1      | Reached XP level 1. HP: 13/13 MP: 4/4
    29 | D:1      | Slain by a giant cockroach

Illustrated notes

Levels and vault maps discovered:
D:1:      lemuel_arrival_broad_hall, layout_loops_corners,
          shapermc_ecumenical_altar_petra

Action                   || total
-------------------------++-------
Melee: Dagger            ||     8
       Punch             ||     1
 Cast: Magic Dart        ||     4
Armor: Robe              ||     7
Dodge: Dodged            ||     7

Table legend: (Time is in decaauts)
 A = Elapsed time spent in this place.
 B = Non-inter-level travel time spent in this place.
 C = Inter-level travel time spent in this place.
 D = Time resting spent in this place.
 E = Time spent auto-exploring this place.
 F = Levels seen in this place.
 G = Mean time per level.
                   A        B        C        D        E       F      G
               +--------+--------+--------+--------+--------+-----+--------+
         Total |     29 |     29 |      0 |      0 |      7 |   1 |   29.0 |
       Dungeon |     29 |     29 |      0 |      0 |      7 |   1 |   29.0 |
               +--------+--------+--------+--------+--------+-----+--------+

Top non-repeatable levels by time:
     D:1: 29 daAuts
